 Dungeon Crawl Stone Soup version 0.29.1-12-g30fa7ad0bf (webtiles) character file.

Game seed: 4690293649705655461

144 wormed the Trooper (level 5, -3/33 HPs)
             Began as a Gargoyle Fighter on Dec 22, 2022.
             Was an Initiate of Okawaru.
             Slain by a wyvern (8 damage)
             ... on level 4 of the Dungeon.
             The game lasted 00:03:47 (3119 turns).

wormed the Trooper (Gargoyle Fighter)               Turns: 3119, Time: 00:03:48

Health: -3/33      AC: 15    Str: 22    XL:     5   Next: 26%
Magic:  5/5        EV:  9    Int:  8    God:    Okawaru [......]
Gold:   145        SH:  4    Dex:  9    Spells: 4/4 levels left

rFire   . . .      SeeInvis .   a - +1 flail
rCold   . . .      Faith    .   c - +0 buckler
rNeg    + . .      Spirit   .   b - +0 scale mail
rPois   ∞          Reflect  .   i - +0 helmet
rElec   +          Harm     .   o - +0 cloak
rCorr   .          Rampage  .   k - +0 pair of gloves
Will    .....                   j - +0 pair of boots
Stlth   ..........              (no amulet)
HPRegen 0.11/turn               (no ring)
MPRegen 0.09/turn               (no ring)

@: mighty
A: sickness immunity, AC +4, negative energy resistance 1, electricity
resistance, torment resistance 1, petrification resistance
a: Renounce Religion


You were on level 4 of the Dungeon.
You worshipped Okawaru.
Okawaru was noncommittal.
You visited 1 branch of the dungeon, and saw 4 of its levels.

You collected 145 gold pieces.

Inventory:

Hand Weapons
 a - a +1 flail (weapon)
Missiles
 q - 3 javelins (quivered)
Armour
 b - a +0 scale mail (worn)
 c - a +0 buckler (worn)
 i - a +0 helmet (worn)
 j - a +0 pair of boots (worn)
 k - a +0 pair of gloves (worn)
 o - a +0 cloak (worn)
Jewellery
 l - a +6 ring of intelligence
Scrolls
 e - a scroll of magic mapping {unknown}
 g - 3 scrolls of teleportation
 h - a scroll of enchant armour {unknown}
 m - a scroll of butterflies
 n - a scroll of enchant weapon
 r - a scroll of identify {unknown}
 s - a scroll of fear {unknown}
Potions
 d - a potion of might
 f - 3 potions of curing {unknown}
 p - a potion of mutation {unknown}
 t - a potion of haste {unknown}


   Skills:
 + Level 4.1 Fighting
 * Level 3.7 Maces & Flails
 + Level 4.0 Armour
 + Level 4.0 Shields


You had 4 spell levels left.
You didn't know any spells.
Your spell library contained the following spells:

 Spells                   Type           Power      Damage    Failure   Level
 Sandblast                Erth           0%         2d4       82%         1
 Passwall                 Tmut/Erth      0%         N/A       91%         2
 Stone Arrow              Conj/Erth      0%         3d7       99%         3


Dungeon Overview and Level Annotations

Branches:
Dungeon (4/15)
 Temple: D:4-7

Altars:
Elyvilon
Okawaru
Sif Muna


Innate Abilities, Weirdness & Mutations

You are immune to sickness and miasma.
Your stone body is resilient. (AC +4)
You are immune to poison.
You resist negative energy. (rN+)
You are resistant to electric shocks. (rElec)
You are resistant to unholy torment.
You are immune to petrification.


Message History

You hit the wyvern.
The wyvern is lightly wounded.
The wyvern bites you. The wyvern closely misses you.
You closely miss the wyvern.
The wyvern is lightly wounded.
You block the wyvern's attack. The wyvern bites you.
You hit the wyvern.
The wyvern is moderately wounded.
You block the wyvern's attack. The wyvern closely misses you.
You sock the wyvern!
The wyvern is heavily wounded.
The wyvern closely misses you. The wyvern completely misses you.
You barely miss the wyvern.
The wyvern is heavily wounded.
The wyvern barely misses you. The wyvern bites you!
You are too injured to fight recklessly!
You are too injured to fight recklessly!
You are too injured to fight recklessly!
You are too injured to fight recklessly!
You are too injured to fight recklessly!
You are too injured to fight recklessly!
You are too injured to fight recklessly!
You are too injured to fight recklessly!
You are too injured to fight recklessly!
You are too injured to fight recklessly!
You are too injured to fight recklessly!
You are too injured to fight recklessly!
You are too injured to fight recklessly!
You are too injured to fight recklessly!
You barely miss the wyvern.
The wyvern is heavily wounded.
You block the wyvern's attack.
You hit the wyvern.
The wyvern is severely wounded.
The wyvern bites you but does no damage.
The wyvern bites you!
* * * LOW HITPOINT WARNING * * *
You feel very mighty all of a sudden. The wyvern bites you!
You die...

# #. ...
##.######## #.#
#.........# #.#
#$........# #.#
#.........# #.#
##....)l...# #.#
.......@...# #.#
...........# ##.#
...........# #..#
...........####<.#
..#.####.....##..#
. #. #.........# #
#.....#####
#.....# #.....#


You could see a wyvern.

Vanquished Creatures
  7 adders
  3 dart slugs
  A worm (D:2)
  9 ball pythons
  5 bats
  6 endoplasms
  3 giant cockroaches
  3 goblins
  7 hobgoblins
  3 jackals
  3 quokkas
  4 frilled lizards
  8 kobolds
  8 rats
70 creatures vanquished.

Vanquished Creatures (others)
  4 fungi (D:1)
  4 plants (D:1)
8 creatures vanquished.

Grand Total: 78 creatures vanquished

Notes
Turn   | Place    | Note
-------+----------+-------------------------------------------
     0 | D:1      | wormed the Gargoyle Fighter began the quest for the Orb.
     0 | D:1      | Reached XP level 1. HP: 14/14 MP: 1/1
    74 | D:1      | Found a faded altar of an unknown god.
   321 | D:1      | Reached XP level 2. HP: 7/19 MP: 2/2
   867 | D:1      | Reached XP level 3. HP: 23/23 MP: 3/3
  1542 | D:2      | Reached XP level 4. HP: 29/29 MP: 4/4
  2316 | D:3      | Found an iron altar of Okawaru.
  2355 | D:3      | Became a worshipper of Warmaster Okawaru
  2373 | D:3      | Found a white marble altar of Elyvilon.
  2436 | D:3      | Reached XP level 5. HP: 33/33 MP: 5/5
  3003 | D:3      | Found a shimmering blue altar of Sif Muna.
  3107 | D:4      | Noticed a wyvern
  3119 | D:4      | Slain by a wyvern

Illustrated notes

Levels and vault maps discovered:
D:1:      tarquinn_simple_flora_water_a, layout_loops_cross,
          shapermc_ecumenical_altar_gd
D:2:      layout_basic
D:3:      kb_forest_paths, layout_basic, elyvilon_altar_5, led_sif_book,
          mainiacjoe_overflow_catwalk, kennysheep_generic_room_13
D:4:      layout_basic

Skill      XL: |  1  2  3  4  5 |
---------------+----------------+-----
Maces & Flails | 3 |  3.7
Fighting       | 4 |  4.1
Shields        | 4 |  4.0
Armour         | 4 |  4.0

Action                   |  1- 3 |  4- 6 || total
-------------------------+-------+-------++-------
Melee: Flail             |   121 |    95 ||   216
  Use: Scroll            |       |     3 ||     3
       Potion            |       |     1 ||     1
Armor: Scale mail        |    75 |    49 ||   124
Dodge: Dodged            |    64 |    45 ||   109
Block: Buckler           |    24 |    19 ||    43
